 Dungeon Crawl Stone Soup version 0.17.0-24-gcfadda4 (webtiles) character file.

51 oplop the Insei (level 3, -5/24 HPs)
             Began as an Octopode Transmuter on Nov 16, 2015.
             Killed from afar by Natasha (6 damage)
             ... with a wand of magic darts
             ... on level 2 of the Dungeon.
             The game lasted 00:03:21 (1389 turns).

oplop the Insei (Octopode Transmuter)               Turns: 1389, Time: 00:03:21

Health: -5/24      AC:  1    Str: 10    XL:     3   Next: 81%
Magic:  6/7        EV: 12    Int: 15    God:
Gold:   53         SH:  0    Dex: 12    Spells: 1 memorised, 6 levels left

rFire  . . .     SeeInvis .       - Unarmed
rCold  . . .     Clarity  .     (no shield)
rNeg   . . .     SustAt   .     d - +0 hat
rPois  .         Gourm    .     (no amulet)
rElec  .         Spirit   .     (no ring)
rCorr  .         Warding  .     (no ring)
rMut   .         Stasis   .     (no ring)
MR     .....                    (no ring)
Stlth  ++........               (no ring)
                                (no ring)
                                (no ring)
                                (no ring)

@: appendage (expiring), not resistant to hostile enchantments, unstealthy
A: almost no armour, amphibious, 8 rings, constrict 8, tentacle spike 3,
camouflage 1, gelatinous body 1
a: End Transformation


You were on level 2 of the Dungeon.
You were hungry.
One of your tentacles had a temporary spike.
You visited 1 branch of the dungeon, and saw 2 of its levels.

You collected 53 gold pieces.

Inventory:

Missiles
 a - 41 arrows
Armour
 d - a +0 hat (worn)
Scrolls
 f - a scroll of teleportation {unknown}
 g - 2 scrolls of identify {unknown}
 i - a scroll of immolation {unknown}
 j - a scroll of enchant armour {unknown}
Potions
 e - a potion of cancellation {unknown}
 k - a potion of mutation {unknown}
Books
 b - a book of Changes

   Spells                             Type                      Level
   a - Beastly Appendage              Transmutation                1
   b - Sticks to Snakes               Transmutation                2
   c - Spider Form                    Transmutation/Poison         3
   d - Ice Form                       Ice/Transmutation            4
   e - Blade Hands                    Transmutation                5
Comestibles
 c - a bread ration
 h - a beef jerky


   Skills:
 + Level 2.0 Fighting
 - Level 2.0 Dodging
 - Level 3.0 Unarmed Combat
 + Level 2.6 Spellcasting
 + Level 2.8 Transmutations


You had 6 spell levels left.
You knew the following spells:

 Your Spells              Type           Power        Failure   Level  Hunger
a - Beastly Appendage     Trmt           ##....       8%          1    #......


Dungeon Overview and Level Annotations

Branches:
Dungeon (2/15)

Altars:
Gozag
Nemelex Xobeh

Annotations:
D:2 Natasha, Robin


Innate Abilities, Weirdness & Mutations

You cannot wear most types of armour.
You are amphibious.
You can wear up to eight rings at the same time.
You can use your tentacles to constrict eight enemies at once.
Your skin changes colour to match your surroundings (Stealth).
Your rubbery body absorbs attacks (AC +1).
One of your tentacles bears a large vicious spike.


Message History

Natasha is heavily wounded.
You constrict Natasha, but do no damage.
Natasha zaps a wand.
The magic dart hits you! The shadow imp barely misses you.
You tentacle-slap Natasha but do no damage.
Your tentacle spike misses Natasha.
Natasha is heavily wounded.
You constrict Natasha.
Natasha zaps a wand.
The magic dart hits you!
* * * LOW HITPOINT WARNING * * *
The shadow imp closely misses you.
Unknown command.
You tentacle-slap Natasha.
You pierce Natasha, but do no damage.
Natasha is severely wounded.
You constrict Natasha. Natasha closely misses you.
The shadow imp hits you but does no damage.
Unknown command.
You tentacle-slap Natasha but do no damage.
You pierce Natasha, but do no damage.
Your squeeze misses Natasha.
Natasha is almost dead.
You constrict Natasha.
Natasha zaps a wand.
The magic dart hits you!
You die...

#...#.##........#......####....
##.##.##......†....)....)......
#..............#.##...####....
####.###..............# ##.#
#.# #.......#........ # #.#
############..####
#.##############..#
#.##.......5...#..#
#........#@###.#..#
####.##..#h# #.##.....
#.###.#.## #.# #.#.# #.. .....
#######... #..##


You could see Natasha and a shadow imp.

Vanquished Creatures
  An adder (D:2)
  A worm (D:2)
  A ball python (D:1)
  3 giant cockroaches (D:2)
  2 hobgoblins (D:1)
  3 jackals (D:1)
  7 kobolds
  5 bats (D:1)
  3 giant newts
  6 goblins (D:1)
  A quokka (D:2)
  8 rats
41 creatures vanquished.

Notes
Turn   | Place    | Note
--------------------------------------------------------------
     0 | D:1      | oplop the Octopode Transmuter began the quest for the Orb.
     0 | D:1      | Reached XP level 1. HP: 13/13 MP: 3/3
    91 | D:1      | Reached XP level 2. HP: 11/18 MP: 5/5
   672 | D:1      | Reached XP level 3. HP: 24/24 MP: 4/6
   861 | D:2      | Noticed Robin
   917 | D:2      | Found an opulent altar of Gozag.
   918 | D:2      | Found a sparkling altar of Nemelex Xobeh.
  1382 | D:2      | Noticed Natasha
  1387 | D:2      | HP: 1/24 [Natasha/wand of magic darts (7)]
  1389 | D:2      | Killed from afar by Natasha

Action                   || total
-------------------------++-------
Melee: Unarmed           ||    92
 Cast: Beastly Appendage ||    20
 Stab: Sleeping          ||     3
  Eat: Chunk             ||     1
